 Dungeon Crawl Stone Soup version 0.30.1-11-g7821555f0a (webtiles) character file.

Game seed: 14821967157839443340

64813 leoleoleoleo212121 the Eclecticist (level 15, -1/93 HPs)
             Began as a Djinni Ice Elementalist on Dec 15, 2023.
             Was a High Priest of Jiyva.
             Slain by a +7 vampiric trident (11 damage)
             ... on level 1 of the Elven Halls on Dec 16, 2023.
             The game lasted 03:59:46 (15847 turns).

leoleoleoleo212121 the Eclecticist (DjIE)          Turns: 15847, Time: 03:59:52

Health: -1/93      AC:  9    Str:  7    XL:     15   Next: 55%
Gold:   266        EV: 18    Int: 21    God:    Jiyva [*****.] SH:  5 Dex: 15

rFire   + . .        (no weapon)
rCold   . . .        (no shield)
rNeg    . . .        s - +2 robe {Will+}
rPois   ∞            B - +0 hat {Stlth+}
rElec   .            j - +2 cloak
rCorr   +            P - +0 pair of gloves
SInv    .            (boots unavailable)
Will    +++..        X - amulet of Imuik {Reflect Will+ SH+5}
Stlth   ++++         t - ring of ice
HPRegen 1.79/turn    D - +5 ring of evasion
MPRegen 0.00/turn

%: reflection, infuse magic (-2 HP)
@: animating dead, flying
A: sickness immunity, fire resistance 2, cold vulnerability 1, float, innate
caster, HP casting, extra vitality 1, dopey 1, sense surroundings 2, robust 1,
wild magic 3, gelatinous body 1, translucent skin 3, tendrils, jelly absorbing
missiles
a: Renounce Religion, Oozemancy, Slimify


You were on level 1 of the Elven Halls.
You worshipped Jiyva.
Jiyva was extremely pleased with you.
You visited 4 branches of the dungeon, and saw 19 of its levels.

You collected 1315 gold pieces.
You spent 1049 gold pieces at shops.

Inventory:

Hand Weapons
 y - a +2 mace of holy wrath
 z - a +2 scimitar of flaming
 M - a +0 great sword of draining
 R - the +5 great sword of the Tiger {antimagic, rC+ Will- Int+5}
   (You found it on level 14 of the Dungeon)

   Int:       It affects your intelligence (+5).
   rC:        It protects you from cold.
   Will:      It decreases your willpower.
Missiles
 h - 16 poisoned darts
 l - 69 stones
 A - a throwing net
Armour
 a - a +0 robe
 j - a +2 cloak (worn)
 o - a +0 robe
 s - a +2 robe of willpower (worn)
 B - a +0 hat of stealth (worn)
 P - a +0 pair of gloves (worn)
 S - the +10 tower shield of Ignorance {rN+ Int-4}
   (You found it on level 14 of the Dungeon)

   Int:       It affects your intelligence (-4).
   rN:        It protects you from negative energy.
Magical Staves
 p - a staff of poison
Jewellery
 t - a ring of ice (left hand)
 D - a +5 ring of evasion (right hand)
 K - a ring of positive energy
 O - an amulet of guardian spirit
 X - the amulet of Imuik (around neck) {Reflect Will+ SH+5}
   (You bought it in a shop on level 2 of the Orcish Mines)

   [amulet of reflection]

   It reflects blocked missile attacks.
   SH:        It affects your SH (+5).
   Will:      It increases your willpower.
Wands
 q - a wand of charming (9)
 r - a wand of flame (40)
 u - a wand of mindburst (15)
 G - a wand of digging (4)
 U - a wand of iceblast (5)
Scrolls
 b - 16 scrolls of identify {unknown}
 c - 2 scrolls of enchant armour {unknown}
 d - 3 scrolls of fear {unknown}
 f - a scroll of noise {unknown}
 i - 3 scrolls of teleportation
 k - a scroll of blinking {unknown}
 m - 3 scrolls of amnesia {unknown}
 v - a scroll of immolation
 w - 3 scrolls of fog {unknown}
 C - a scroll of enchant weapon {unknown}
 E - a scroll of vulnerability {unknown}
 H - 2 scrolls of butterflies {unknown}
 V - a scroll of silence {unknown}
Potions
 e - 3 potions of mutation {unknown}
 g - 2 potions of curing
 n - 3 potions of lignification
 x - a potion of ambrosia
 F - 4 potions of cancellation {unknown}
 I - 2 potions of haste
 J - a potion of brilliance
 L - a potion of invisibility {unknown}
 N - a potion of resistance
 Q - 3 potions of might
 W - a potion of heal wounds
 Y - a potion of berserk rage
 Z - a potion of magic {unknown}
Miscellaneous
 T - a phial of floods


   Skills:
 - Level 2.1 Dodging
 - Level 1.5 Stealth
 + Level 19.1 Spellcasting
 * Level 9.3 Evocations


You knew the following spells:

 Your Spells              Type           Power      Damage    Failure   Level
a - Freeze                Ice            100%       1d10      1%          1
b - Frozen Ramparts       Ice            100%       1d16      1%          3
c - Ozocubu's Armour      Ice            100%       N/A       1%          3
d - Summon Ice Beast      Ice/Summ       100%       N/A       1%          4
e - Summon Small Mammal   Summ           100%       N/A       1%          1
f - Ensorcelled Hibernat  Hex/Ice        100%       N/A       1%          2
g - Dazzling Flash        Conj/Hex       100%       N/A       1%          3
h - Animate Dead          Necr           100%       N/A       1%          4
i - Olgreb's Toxic Radia  Pois           100%       N/A       1%          4
j - Fireball              Conj/Fire      56%        3d22      1%          5
k - Death Channel         Necr           56%        N/A       2%          6
Your spell library was empty.

Dungeon Overview and Level Annotations

Branches:
Dungeon (15/15)            Temple (1/1) D:7            Lair (0/5) D:9
    Orc (2/2) D:12            Elf (1/3) Orc:2        Vaults (0/5) D:13
 Depths (0/4) D:15

Altars:
Ashenzari
Cheibriados
Dithmenos
Elyvilon
Fedhas
Gozag
Hepliaklqana
Makhleb
Nemelex Xobeh
Okawaru
Qazlal
Ru
Trog
Uskayaw
Wu Jian
Xom
Yredelemnul
Zin
The Shining One
Jiyva

Shops:
D:7 (   D:11 [   D:15 *   Orc:2 =!==

Portals:
Ossuary: D:5

Annotations:
D:15 exclusion: obsidian statue
Elf:1 Agnes


Innate Abilities, Weirdness & Mutations

You are immune to sickness and miasma.
You are immune to poison.
Your flesh is very heat resistant. (rF++)
You are vulnerable to cold. (rC-)
You float through the air rather than walking.
You learn spells naturally, not from books.
Your magical power is your life essence.
You have superior vitality. (+4 MHP)
You are dopey. (Int -2)
You passively map the area around you.
You are robust. (+10% HP)
Your spells are much harder to cast, but much more powerful.
Your rubbery body absorbs attacks. (AC +1, EV +1)
Your transparent skin significantly reduces your foes' accuracy. (Stealth+)
You are covered in slimy tendrils that may disarm your opponents.
You have a small jelly attached to you that may absorb projectiles.


Message History

* * * LOW HITPOINT WARNING * * *
Agnes the Wanderer comes into view.
She is wielding a +0 lajatang of pain.
You block the +7 vampiric trident's attack.
You hear a distant slurping noise.
You swap places.
Your ice beast misses the +7 vampiric trident.
The +7 vampiric trident barely misses your ice beast.
The +7 vampiric trident hits your ice beast!!
Your ice beast barely misses the +7 vampiric trident.
The +7 vampiric trident hits your ice beast.
The +7 vampiric trident hits your ice beast!
Your ice beast completely misses the +7 vampiric trident.
The +7 vampiric trident hits your ice beast!
Your ice beast barely misses the +7 vampiric trident.
The +7 vampiric trident hits your ice beast!!
The +7 vampiric trident closely misses your ice beast.
Your ice beast hits the +7 vampiric trident.
Your ice beast freezes the +7 vampiric trident.
The +7 vampiric trident resists.
There is an open door here.
The +7 vampiric trident hits your ice beast!!
Your ice beast dies!
Your ice beast disappears in a puff of smoke!
You hear a distant slurping noise. x2
You hear a distant slurping noise. x2
The +7 vampiric trident hits you but does no damage.
Agnes says, "You will find the Path of Peace easy to follow, in death."
The +7 vampiric trident hits you from afar!
* * * LOW HITPOINT WARNING * * *
Agnes says, "It is my duty to kill you, but also my pleasure."
Agnes misses you.
The +7 vampiric trident hits you from afar!
* * * LOW HITPOINT WARNING * * *
Casting: Dazzling Flash (safe; 1% risk of failure)
Press: ? - help, Q - select action, (/) - cycle Dir - look around, f - activate Agnes is dazzled.
* * * LOW HITPOINT WARNING * * *
Agnes completely misses you.
The +7 vampiric trident hits you from afar!
You die...

#.# , *#...# , * #.# *
############# #.# *
#........)..#*, #..
###..⌠..#..)..# , * *
..## ####.#.....#...).#
**+ *
...###....'.....#..<..#
,
...i...##.#.....#)....#
,
...########..⌠(.#..⌠..#
* , ,, .+##
#...(i@.....# , + ,*
############# * , , *
#.e.# * * ,* ##..# *
##.# #.# , ** #.#** ,*
* * #.. * * * * , * ,


You could see Agnes (blind), a deep elf pyromancer and 2 dancing weapons.

Vanquished Creatures
  Asterion (Elf:1)
  A very ugly thing (D:15)
  2 vault guards (D:13)
  A rakshasa (D:15)
  The ghost of zazaan the Stickfighter, a journeyman MiBe of Trog (Orc:2)
  An ogre mage (D:13)
  3 centaur warriors
  2 hydras (D:13)
  A boulder beetle (D:14)
  Erica (D:8)
  6 two-headed ogres
  A tengu warrior (D:14)
  3 orc high priests (Orc:2)
  5 hell knights (D:10)
  A deep elf archer (D:14)
  3 necromancers (D:10)
  A deep elf pyromancer (D:14)
  3 orc sorcerers (Orc:2)
  4 ugly things (D:14)
  2 manticores (D:14)
  A minotaur zombie (Elf:1)
  A black mamba (shapeshifter) (D:14)
  4 gargoyles
  2 unseen horrors
  A komodo dragon (D:9)
  A kobold demonologist (D:10)
  A tengu conjurer (D:14)
  A yaktaur (D:13)
  A freezing wraith (D:15)
  4 trolls
  A meliai (D:14)
  Prince Ribbit (D:8)
  A water elemental (Elf:1)
  A wraith (D:12)
  5 yaks
  5 vampire mosquitoes
  3 redbacks (D:13)
  Edmund (D:4)
  2 wargs (Orc:2)
  2 acid dragons
  2 water moccasins
  7 hell hounds (D:10)
  A sky beast (D:7)
  A swamp drake (D:9)
  An ice beast (D:5)
  19 orc warriors
  An ogre (D:15)
  An elf zombie (Elf:1)
  10 centaurs
  A phantom (D:5)
  2 kobold brigands (D:6)
  A bullfrog (D:8)
  Blork the orc (D:6)
  A gnoll sergeant (D:13)
  4 scorpions
  3 killer bees (D:9)
  2 hounds
  23 orc priests
  2 sleepcaps
  2 iguanas (D:5)
  29 orc wizards
  The ghost of Crocquaman the Covert, a weakling GnDe (D:5)
  An ogre zombie (Orc:2)
  2 gnolls
  5 adders
  2 ufetubi (D:6)
  8 orc zombies (Orc:2)
  3 worms (D:2)
  A dart slug (D:2)
  48 orcs
  An endoplasm (D:1)
  4 giant cockroaches
  3 goblins
  5 hobgoblins
  2 jackals (D:1)
  4 quokkas
  3 ball pythons
  5 bats
  2 frilled lizards
  15 kobolds
  7 rats
318 creatures vanquished.

Vanquished Creatures (collateral kills)
  Gastronok (D:8)
  An ettin (Orc:1)
  A vault guard (D:13)
  An ogre mage (D:15)
  A rakshasa (D:15)
  3 hydras (D:14)
  3 centaur warriors (D:15)
  A boulder beetle (D:14)
  2 two-headed ogres
  The ghost of jagang the Basher, a novice DsFi of Makhleb (D:9)
  An orc high priest (Orc:2)
  A tengu warrior (D:14)
  A hell knight (D:10)
  2 orc knights
  3 deep elf pyromancers (Elf:1)
  10 ugly things
  4 cyclopes
  3 manticores
  A komodo dragon (shapeshifter) (D:14)
  A komodo dragon (D:9)
  3 tengu conjurers
  6 trolls
  A vampire (D:11)
  A human (D:13)
  2 shadows (D:10)
  A wyvern (D:9)
  9 yaks
  4 redbacks (D:13)
  A steam dragon (D:7)
  2 two-headed ogre zombies (D:15)
  An acid dragon (D:14)
  2 wargs (Orc:1)
  An ice beast (D:7)
  7 orc warriors
  5 ogres
  8 centaurs
  3 bullfrogs
  A kobold brigand (D:9)
  A warg zombie (Orc:2)
  5 killer bees (D:9)
  A howler monkey (D:8)
  A bullfrog zombie (D:8)
  A hound (D:6)
  3 gnoll boudas
  10 orc priests
  An iguana (D:6)
  11 orc wizards
  An ogre zombie (Orc:1)
  10 gnolls
  19 orcs
  A goblin (D:1)
  9 kobolds
  3 orc zombies
177 creatures vanquished.

Vanquished Creatures (others)
  A very ugly thing zombie (D:15)
  A great orb of eyes (D:15)
  A vault guard (D:13)
  3 centaur warriors
  A glowing orange brain (D:14)
  A deep elf pyromancer (D:14)
  An unseen horror (D:12)
  An unseen horror zombie (D:12)
  A hydra zombie (D:13)
  A meliai (D:12)
  A meliai zombie (D:14)
  5 ugly thing zombies
  5 slime creatures
  A fire bat (shapeshifter) (D:15)
  A yak (D:8)
  A wyvern (D:5)
  A redback (D:13)
  3 ogre zombies
  3 two-headed ogre zombies
  A warg (Orc:2)
  A manticore zombie (D:13)
  3 orc warriors
  An elf zombie (Elf:1)
  A centaur (D:13)
  A kobold brigand (D:11)
  A yaktaur zombie (D:13)
  A warg zombie (Orc:1)
  2 tengu zombies
  2 troll zombies
  4 yak zombies (D:9)
  2 howler monkeys
  8 centaur zombies
  45 jellies
  A hound (D:7)
  An orc priest (Orc:1)
  An iguana (D:4)
  An orc wizard (Orc:2)
  A hound zombie (D:6)
  3 gnolls
  2 adders
  3 gnoll zombies
  A dart slug (D:1)
  11 orcs
  2 ball pythons
  2 endoplasms
  A goblin (D:2)
  2 hobgoblins
  7 kobolds
  A quokka (D:2)
  A bat (D:3)
  9 frilled lizards (D:2)
  11 kobold zombies (D:6)
  67 orc zombies
234 creatures vanquished.

Grand Total: 729 creatures vanquished

Notes
Turn   | Place    | Note
-------+----------+-------------------------------------------
     0 | D:1      | leoleoleoleo212121 the Djinni Ice Elementalist began the
                  | quest for the Orb.
     0 | D:1      | leoleoleoleo212121 set off with the following spells
                  | memorised: Freeze, Frozen Ramparts, Ozocubu's Armour,
                  | Summon Ice Beast.
     0 | D:1      | Reached XP level 1. HP: 15/15 MP: 0/0
    92 | D:1      | Reached XP level 2. HP: 15/21 MP: 0/0
   227 | D:1      | Found a faded altar of an unknown god.
   309 | D:1      | Prayed at the altar of an unknown god.
   309 | D:1      | Became a worshipper of Jiyva Jommu the Shapeless
   309 | D:1      | Reached * piety under Jiyva
   413 | D:1      | Reached XP level 3. HP: 18/25 MP: 0/0
   413 | D:1      | Learned a level 1 spell: Summon Small Mammal
   599 | D:2      | Reached skill level 4 in Spellcasting
   827 | D:2      | Reached ** piety under Jiyva
  1120 | D:2      | Reached XP level 4. HP: 26/31 MP: 0/0
  1525 | D:3      | Reached XP level 5. HP: 31/35 MP: 0/0
  1525 | D:3      | Learned a level 2 spell: Ensorcelled Hibernation
  1596 | D:3      | Reached *** piety under Jiyva
  2348 | D:4      | Reached skill level 5 in Spellcasting
  2364 | D:4      | Gained mutation: You have acidic saliva. [Jiyva's grace]
  2364 | D:4      | Gained mutation: Your spells are a little harder to cast,
                  | but a little more powerful. [Jiyva's grace]
  2364 | D:4      | Gained mutation: Your spells are harder to cast, but more
                  | powerful. [Jiyva's grace]
  2364 | D:4      | Gained mutation: Your spells are much harder to cast, but
                  | much more powerful. [Jiyva's grace]
  2370 | D:4      | Noticed a water moccasin
  2376 | D:4      | Killed a water moccasin
  2377 | D:4      | Reached XP level 6. HP: 36/40 MP: 0/0
  2464 | D:4      | Identified the +3 spear "Qeni" {venom, Fragile rPois Int+8}
  2580 | D:4      | Noticed Edmund
  2608 | D:4      | Killed Edmund
  2609 | D:4      | Reached skill level 6 in Spellcasting
  2609 | D:4      | Reached XP level 7. HP: 42/45 MP: 0/0
  2609 | D:4      | Learned a level 3 spell: Dazzling Flash
  2922 | D:5      | Entered Level 5 of the Dungeon
  2933 | D:5      | Found a runed translucent door.
  2933 | D:5      | Noticed a gargoyle
  2934 | D:5      | Noticed Crocquaman's ghost (weakling GnDe)
  2952 | D:5      | Noticed a water moccasin
  2959 | D:5      | Killed a water moccasin
  2972 | D:5      | Found a sand-covered staircase.
  3038 | D:5      | Reached skill level 7 in Spellcasting
  3038 | D:5      | Reached XP level 8. HP: 50/50 MP: 0/0
  3164 | D:5      | Noticed a wyvern
  3170 | D:5      | Killed a wyvern
  3237 | D:5      | Found a blossoming altar of Fedhas.
  3556 | D:5      | Killed a gargoyle
  3557 | D:5      | Reached skill level 8 in Spellcasting
  3557 | D:5      | Reached skill level 1 in Evocations
  3557 | D:5      | Killed Crocquaman's ghost
  3667 | D:6      | Reached XP level 9. HP: 44/55 MP: 0/0
  3667 | D:6      | Learned a level 4 spell: Animate Dead
  3709 | D:6      | Noticed Blork the orc
  3723 | D:6      | Killed Blork the orc
  3980 | D:6      | Reached skill level 9 in Spellcasting
  4715 | D:7      | Reached skill level 10 in Spellcasting
  4718 | D:7      | Reached **** piety under Jiyva
  4726 | D:7      | Found a staircase to the Ecumenical Temple.
  4846 | D:7      | Found a stormy altar of Qazlal.
  4870 | D:7      | Found an ornate altar of the Wu Jian Council.
  4904 | D:7      | Found a basalt altar of Yredelemnul.
  4923 | D:7      | Lost mutation: Your spells are much harder to cast, but
                  | much more powerful. [Jiyva's grace]
  4923 | D:7      | Lost mutation: You have acidic saliva. [Jiyva's grace]
  4923 | D:7      | Gained mutation: You have a beak for a mouth. [Jiyva's
                  | grace]
  4923 | D:7      | Gained mutation: Your rubbery body absorbs attacks. (AC +1,
                  | EV +1) [Jiyva's grace]
  4923 | D:7      | Gained mutation: Your pliable body absorbs attacks. (AC +2,
                  | EV +2) [Jiyva's grace]
  4923 | D:7      | Gained mutation: Your gelatinous body deflects attacks. (AC
                  | +3, EV +3) [Jiyva's grace]
  5274 | D:7      | Found Caxoal's Antique Weapon Shop.
  5446 | Temple   | Entered the Ecumenical Temple
  5629 | D:8      | Noticed Erica
  5645 | D:8      | Killed Erica
  5646 | D:8      | Reached skill level 11 in Spellcasting
  5646 | D:8      | Reached XP level 10. HP: 57/60 MP: 0/0
  5701 | D:8      | Reached ***** piety under Jiyva
  6136 | D:8      | Noticed Gastronok
  6156 | D:8      | Killed Gastronok
  6157 | D:8      | Reached skill level 12 in Spellcasting
  6160 | D:8      | Noticed Prince Ribbit
  6168 | D:8      | Killed Prince Ribbit
  6169 | D:8      | Reached XP level 11. HP: 42/65 MP: 0/0
  6169 | D:8      | Learned a level 4 spell: Olgreb's Toxic Radiance
  6568 | D:9      | Noticed a two-headed ogre
  6583 | D:9      | Killed a two-headed ogre
  6617 | D:9      | Reached skill level 13 in Spellcasting
  6745 | D:9      | Noticed jagang's ghost (novice DsFi)
  6746 | D:9      | Found a runed translucent door.
  6815 | D:9      | Killed jagang's ghost
  6909 | D:9      | Found a hide-covered altar of Uskayaw.
  6924 | D:9      | Lost mutation: Your spells are harder to cast, but more
                  | powerful. [Jiyva's grace]
  6924 | D:9      | Lost mutation: Your gelatinous body deflects attacks. (AC
                  | +3, EV +3) [Jiyva's grace]
  6924 | D:9      | Gained mutation: Your flesh is almost immune to the effects
                  | of heat. (rF+++) [Jiyva's grace]
  6924 | D:9      | Gained mutation: Your translucent skin slightly reduces
                  | your foes' accuracy. (Stealth+) [Jiyva's grace]
  6924 | D:9      | Gained mutation: Your translucent skin reduces your foes'
                  | accuracy. (Stealth+) [Jiyva's grace]
  6924 | D:9      | Gained mutation: Your transparent skin significantly
                  | reduces your foes' accuracy. (Stealth+) [Jiyva's grace]
  7399 | D:9      | Found a staircase to the Lair.
  7510 | D:10     | Entered Level 10 of the Dungeon
  7545 | D:10     | Reached skill level 14 in Spellcasting
  7683 | D:10     | Reached ****** piety under Jiyva
  8098 | D:10     | Reached XP level 12. HP: 60/70 MP: 0/0
  8115 | D:10     | Noticed a hell knight
  8124 | D:10     | Killed a hell knight
  8140 | D:10     | Noticed a hell knight
  8140 | D:10     | Noticed a hell knight
  8201 | D:10     | Noticed a hell knight
  8204 | D:10     | Noticed a hell knight
  8473 | D:10     | Killed a hell knight
  8577 | D:10     | Killed a hell knight
  8608 | D:10     | Killed a hell knight
  8616 | D:10     | Killed a hell knight
  8632 | D:10     | Noticed a hell knight
  8644 | D:10     | Killed a hell knight
  8645 | D:10     | Reached skill level 15 in Spellcasting
  9193 | D:11     | Noticed a two-headed ogre
  9206 | D:11     | Killed a two-headed ogre
  9210 | D:11     | Found Wekh's Antique Armour Boutique.
  9214 | D:11     | Bought a pair of gloves for 126 gold pieces
  9375 | D:11     | Lost mutation: Your flesh is almost immune to the effects
                  | of heat. (rF+++) [Jiyva's grace]
  9375 | D:11     | Lost mutation: Your spells are a little harder to cast, but
                  | a little more powerful. [Jiyva's grace]
  9375 | D:11     | Lost mutation: Your pliable body absorbs attacks. (AC +2,
                  | EV +2) [Jiyva's grace]
  9375 | D:11     | Gained mutation: You are robust. (+10% HP) [Jiyva's grace]
  9375 | D:11     | Gained mutation: You are very robust. (+20% HP) [Jiyva's
                  | grace]
  9375 | D:11     | Gained mutation: You are extremely robust. (+30% HP)
                  | [Jiyva's grace]
  9375 | D:11     | Gained mutation: Your movements are slightly less
                  | encumbered by armour. (ER -2) [Jiyva's grace]
  9632 | D:11     | Reached skill level 5 in Evocations
  9632 | D:11     | Reached XP level 13. HP: 82/97 MP: 0/0
  9632 | D:11     | Learned a level 5 spell: Fireball
  9967 | D:12     | Found a staircase to the Orcish Mines.
  9980 | D:12     | Noticed a centaur warrior
  9991 | D:12     | Noticed a five-headed hydra
  9997 | D:12     | Noticed a centaur warrior
 10010 | D:12     | Identified the ring "Wezietiz" {Ice rElec SInv}
 10010 | D:12     | Noticed a centaur warrior
 10918 | D:13     | Noticed an anaconda
 10919 | D:13     | Reached skill level 16 in Spellcasting
 10929 | D:13     | Noticed a vault guard
 10932 | D:13     | Noticed an ogre mage
 10945 | D:13     | Killed a vault guard
 10951 | D:13     | Killed a vault guard
 10953 | D:13     | Killed an ogre mage
 10995 | D:13     | Found a gate to the Vaults.
 10995 | D:13     | Noticed a vault guard
 10995 | D:13     | Noticed a vault guard
 11014 | D:13     | Killed a vault guard
 11019 | D:13     | Killed a vault guard
 11092 | D:13     | Noticed a five-headed hydra
 11099 | D:13     | Killed a five-headed hydra
 11178 | D:13     | Noticed a great orb of eyes
 11225 | D:13     | Noticed a five-headed hydra
 11502 | D:13     | Noticed a four-headed hydra
 11519 | D:13     | Killed a four-headed hydra
 11558 | D:13     | Noticed a centaur warrior
 11573 | D:13     | Killed a centaur warrior
 11668 | D:14     | Reached XP level 14. HP: 73/104 MP: 0/0
 11670 | D:14     | Reached skill level 17 in Spellcasting
 11689 | D:14     | Identified the +1 flail of Comiko {venom, rElec rN++}
 11777 | D:14     | Found a shadowy altar of Dithmenos.
 12245 | D:14     | Found the +10 tower shield of Ignorance {rN+ Int-4}
 12260 | D:14     | Identified the +5 great sword of the Tiger {antimagic, rC+
                  | Will- Int+5}
 12445 | D:14     | Lost mutation: You have a beak for a mouth. [Jiyva's grace]
 12445 | D:14     | Lost mutation: You are extremely robust. (+30% HP) [Jiyva's
                  | grace]
 12445 | D:14     | Lost mutation: Your movements are slightly less encumbered
                  | by armour. (ER -2) [Jiyva's grace]
 12445 | D:14     | Gained mutation: You passively map a small area around you.
                  | [Jiyva's grace]
 12445 | D:14     | Gained mutation: You passively map the area around you.
                  | [Jiyva's grace]
 12445 | D:14     | Gained mutation: You passively map a large area around you.
                  | [Jiyva's grace]
 12445 | D:14     | Gained mutation: You have a small jelly attached to you
                  | that may absorb projectiles. [Jiyva's grace]
 12642 | D:14     | Identified the +5 dagger of Wutzi Hihufo {heavy, Int+3}
 12777 | D:15     | Entered Level 15 of the Dungeon
 13193 | D:15     | Reached skill level 18 in Spellcasting
 13451 | D:15     | Noticed a red very ugly thing
 13473 | D:15     | Killed a red very ugly thing
 13510 | D:15     | Found a staircase to the Depths.
 13579 | D:15     | Found Xyghuuca's General Store.
 13585 | D:15     | Bought a potion of heal wounds for 85 gold pieces
 13585 | D:15     | Bought a scroll of teleportation for 51 gold pieces
 13585 | D:15     | Bought a potion of might for 68 gold pieces
 13601 | D:15     | Reached XP level 15. HP: 81/102 MP: 0/0
 13601 | D:15     | Learned a level 6 spell: Death Channel
 14267 | Orc:1    | Entered Level 1 of the Orcish Mines
 14564 | Orc:2    | Entered Level 2 of the Orcish Mines
 14576 | Orc:2    | Lost mutation: You passively map a large area around you.
                  | [Jiyva's grace]
 14576 | Orc:2    | Lost mutation: You are very robust. (+20% HP) [Jiyva's
                  | grace]
 14576 | Orc:2    | Gained mutation: Your spells are a little harder to cast,
                  | but a little more powerful. [Jiyva's grace]
 14576 | Orc:2    | Gained mutation: Your spells are harder to cast, but more
                  | powerful. [Jiyva's grace]
 14576 | Orc:2    | Gained mutation: Your spells are much harder to cast, but
                  | much more powerful. [Jiyva's grace]
 14576 | Orc:2    | Gained mutation: You are covered in slimy tendrils that may
                  | disarm your opponents. [Jiyva's grace]
 14793 | Orc:2    | Gained mutation: You are dopey. (Int -2) [a neqoxec]
 15055 | Orc:2    | Found a runed translucent gate.
 15056 | Orc:2    | Found a runed translucent gate.
 15056 | Orc:2    | Found an opulent altar of Gozag.
 15058 | Orc:2    | Found a runed translucent gate.
 15061 | Orc:2    | Noticed zazaan's ghost (journeyman MiBe)
 15133 | Orc:2    | Found a staircase to the Elven Halls.
 15254 | Orc:2    | Found Gycemari's Jewellery Boutique.
 15254 | Orc:2    | Found Jihil's Distillery.
 15255 | Orc:2    | Found Pitigg's Jewellery Shop.
 15259 | Orc:2    | Found Aracaydu's Jewellery Boutique.
 15267 | Orc:2    | Bought the amulet of Imuik {Reflect Will+ SH+5} for 639
                  | gold pieces
 15279 | Orc:2    | Bought a potion of berserk rage for 80 gold pieces
 15535 | Orc:2    | Killed zazaan's ghost
 15665 | Elf:1    | Entered Level 1 of the Elven Halls
 15665 | Elf:1    | Noticed Asterion
 15682 | Elf:1    | Killed Asterion
 15683 | Elf:1    | Reached skill level 19 in Spellcasting
 15832 | Elf:1    | Noticed Agnes
 15847 | Elf:1    | Slain by a +7 vampiric trident

Illustrated notes

Levels and vault maps discovered:
D:1:      minmay_arrival_three_doors, layout_basic,
          shapermc_ecumenical_altar_mp_urbaneastern
D:2:      layout_loops_ring, minmay_lizard_pond
D:3:      layout_basic, kennysheep_generic_room_15
D:4:      layout_loops_ring, uniq_edmund
D:5:      layout_basic, mainiacjoe_overflow_cross_hatched,
          chequers_ossuary_entry_cave, ebering_ghost_inner_flame
D:6:      layout_loops_cross, nicolae_concentric_dashed_squares_wild,
          uniq_blork_the_orc
D:7:      layout_cave_pods, general_overflow_altar,
          mainiacjoe_overflow_big_doors, minmay_temple_entry_waves,
          nicolae_take_the_stairs, kennysheep_flooded_box
D:8:      layout_loops_ring, nicolae_vehumet_altar_sigil, serial_rivers,
          chequers_serial_rivers_micro_a, chequers_serial_rivers_micro_a,
          chequers_serial_rivers_small_3, chequers_serial_rivers_micro_d,
          chequers_serial_rivers_micro_e, uniq_gastronok, uniq_prince_ribbit1,
          uniq_erica
D:9:      layout_stronghold, mainiacjoe_overflow_small_starburst,
          erik_lair_dragon, hellmonk_ghost_happy_afterlife
D:10:     layout_cave_pools, minmay_rotating_lava
D:11:     layout_loops_cross, serial_shops, shop, minmay_misc_feat_iff,
          led_sif_book
D:12:     layout_gridville, orc_0_dummy, serial_rivers,
          chequers_serial_rivers_micro_d, chequers_serial_rivers_micro_c,
          chequers_serial_rivers_marsh, chequers_serial_rivers_micro_a,
          chequers_serial_rivers_micro_a, chequers_serial_rivers_micro_a,
          minivault_12
D:13:     layout_basic, grunt_vaults_entry_fortified, drop_trap,
          kiku_gazebo_garden_becter
D:14:     minmay_the_grid_octo_tiled_octocenter [minmay_the_grid_octo_odd_swirl,
          minmay_the_grid_octo_thin_diamonds, minmay_the_grid_octo_chip,
          minmay_the_grid_octo_77, minmay_the_grid_octo_prize_single_spiral,
          minmay_the_grid_square_5x5_two, minmay_the_grid_square_5x5_n,
          minmay_the_grid_square_5x5_three_small,
          minmay_the_grid_square_5x5_two_small], layout_basic,
          nicolae_dithmenos_shadow_blocks
D:15:     gammafunk_enter_depths_forms, layout_cave_pods, serial_shops, shop,
          minmay_protected_statue
Temple:   lightli_temple_of_artemis
Orc:1:    layout_caves, serial_shops, shop, uniq_maurice
Orc:2:    st_orc_mages, layout_caves, ebering_ghost_gozag
Elf:1:    nicolae_elf_arrival_fired_up, layout_geoelf_grid, serial_shops, shop,
          shop, shop, shop, nicolae_square_shop, minmay_elf_sorcery, uniq_agnes,
          uniq_asterion

Skill      XL: |  1  2  3  4  5  6  7  8  9 10 11 12 13 14 15 |
---------------+----------------------------------------------+-----
Spellcasting   | 4 5 6 7 8 11 12 14 15 16 18 19 | 19.1
Evocations     | 1 2 5 7 8 9 |  9.3
Dodging        | |  2.1
Stealth        | |  1.5

Action                     |  1- 3 |  4- 6 |  7- 9 | 10-12 | 13-15 || total
---------------------------+-------+-------+-------+-------+-------++-------
  Melee: Unarmed           |     6 |       |       |       |     3 ||     9
  Throw: Throwing net      |       |       |       |       |     4 ||     4
   Cast: Freeze            |    73 |    29 |    82 |    44 |    74 ||   302
         Ozocubu's Armour  |     3 |     2 |    15 |    40 |    70 ||   130
         Summon Small Mamm |     3 |     1 |     5 |    23 |    54 ||    86
         Frozen Ramparts   |     1 |     5 |    24 |    52 |    71 ||   153
         Ensorcelled Hiber |       |     3 |     2 |    38 |    23 ||    66
         Dazzling Flash    |       |       |     4 |    11 |     5 ||    20
         Summon Ice Beast  |       |       |     9 |    44 |    88 ||   141
         Animate Dead      |       |       |     6 |    11 |    36 ||    53
         Olgreb's Toxic Ra |       |       |       |     6 |     8 ||    14
         Fireball          |       |       |       |       |    86 ||    86
         Death Channel     |       |       |       |       |     2 ||     2
 Invoke: Oozemancy         |       |     2 |     1 |       |     4 ||     7
         Slimify           |       |       |       |       |     2 ||     2
  Evoke: Wand              |       |       |     4 |       |     3 ||     7
    Use: Potion            |     3 |     3 |     3 |       |     1 ||    10
         Scroll            |       |       |       |       |     2 ||     2
 Armour: Robe              |    14 |    11 |    44 |    41 |   121 ||   231
  Dodge: Dodged            |    31 |    18 |    89 |   192 |   414 ||   744
  Block: Other             |       |       |       |       |    14 ||    14
